 Dungeon Crawl Stone Soup version 0.31-a0-986-g5e6e4ef867 (webtiles) character file.

Game seed: 14636321703879782207

422 DocClef the Ruffian (level 6, 0/59 HPs)
             Began as a Troll Shapeshifter on Nov 10, 2023.
             Slain by Grinder (9 damage)
             ... on level 5 of the Dungeon.
             The game lasted 00:03:38 (2926 turns).

DocClef the Ruffian (Troll Shapeshifter)            Turns: 2926, Time: 00:03:38

Health: 0/59       AC:  4    Str: 25    XL:     6   Next: 63%
Magic:  5/5        EV: 10    Int:  6    God:
Gold:   168        SH:  0    Dex:  9    Spells: 5/5 levels left

rFire   . .          .
                       - Unarmed
rCold   . . .        (no shield)
rNeg    . . .        a - +0 animal skin
rPois   .            (helmet currently unavailable)
rElec   .            (cloak currently unavailable)
rCorr   .            (gloves unavailable)
SInv    .            (boots unavailable)
Will    .....        (no amulet)
Stlth   +            (no ring)
HPRegen 1.09/turn    (no ring)
MPRegen 0.09/turn

%: no passive effects
@: beast-form
A: beast (slay +2), large, unfitting armour, claws 3, regeneration 1, shaggy fur
1, tough skin 1
a: Begin Untransformation


You were on level 5 of the Dungeon.
You were a hulking beast.
You visited 1 branch of the dungeon, and saw 5 of its levels.

You collected 168 gold pieces.

Inventory:

Armour
 a - a +0 animal skin (worn)
Jewellery
 j - a ring of ice
Talismans
 c - a beast talisman
 d - a flux talisman
Wands
 l - a wand of polymorph (9)
Scrolls
 h - a scroll of enchant weapon
 k - a scroll of teleportation {unknown}
 n - 3 scrolls of identify {unknown}
 o - a scroll of fog {unknown}
 q - a scroll of enchant armour {unknown}
 r - a scroll of vulnerability {unknown}
 v - a scroll of noise {unknown}
Potions
 b - 3 potions of lignification
 e - 6 potions of curing {unknown}
 f - 4 potions of heal wounds {unknown}
 g - a potion of might {unknown}
 m - a potion of ambrosia {unknown}
 p - a potion of berserk rage {unknown}
 s - 2 potions of cancellation {unknown}
 t - a potion of resistance {unknown}
 u - a potion of magic {unknown}


   Skills:
 + Level 2.8 Fighting
 + Level 3.2 Dodging
 + Level 4.5 Unarmed Combat
 + Level 4.3 Shapeshifting


You had 5 spell levels left.
You didn't know any spells.
Your spell library contained the following spells:

 Spells                   Type           Power      Damage    Failure   Level
 Apportation              Tloc           0%         N/A       45%         1
 Freeze                   Ice            0%         1d3       45%         1
 Jinxbite                 Hex            0%         N/A       58%         2
 Frozen Ramparts          Ice            0%         1d1       83%         3
 Hailstorm                Conj/Ice       0%         3d3       83%         3
 Alistair's Intoxication  Tmut/Pois      0%         N/A       100%        5


Dungeon Overview and Level Annotations

Branches:
Dungeon (5/15)
 Temple: D:4-7

Altars:
Kikubaaqudgha
Wu Jian

Shops:
D:3 [   D:4 [

Annotations:
D:5 Grinder


Innate Abilities, Weirdness & Mutations

You are a hulking beast.
Your limbs bulge with bestial killing power. (Slay +2)
You are too large for most types of armour.
You have claws for hands.
Your natural rate of healing is unusually fast.
You are covered in fur. (AC +1)
You have tough skin. (AC +1)


Message History

The centaur closely misses you. x2; The centaur barely misses you.
Grinder barely misses you.
You claw the centaur!
You kill the centaur!
You claw Grinder!
Grinder is moderately wounded.
Grinder hits you.
You writhe in agony.
You are too injured to fight recklessly!
You are too injured to fight recklessly!
You are too injured to fight recklessly!
You are too injured to fight recklessly!
You are too injured to fight recklessly!
You are too injured to fight recklessly!
You are too injured to fight recklessly!
You are too injured to fight recklessly!
You are too injured to fight recklessly!
You are too injured to fight recklessly!
You are too injured to fight recklessly!
You scratch Grinder.
Grinder is moderately wounded.
Grinder gestures at you. Pain shoots through your body!
* * * LOW HITPOINT WARNING * * *
Unknown command.
You closely miss Grinder.
Grinder is moderately wounded.
Grinder hits you.
* * * LOW HITPOINT WARNING * * *
Unknown command.
You claw Grinder!
Grinder is severely wounded.
Grinder gestures at you. Pain shoots through your body!
* * * LOW HITPOINT WARNING * * *
Unknown command.
You barely miss Grinder.
Grinder is severely wounded.
Grinder hits you!
You die...
Grinder says, "Now the real fun starts!"

### .#. #.....## ...
###..##...)...# ....
#.......#.....#. #..#
#..#...#........ ###
#..##..#?..$.......#
..## #..#..##...........
...# #....#............
...## #........h5......
##..####.....#...)......
##..##.....#...........
##.........#.........#.
#.....##..............#
.....#####........!.....
.##..# ##.............
.###.# ##..#..##..... .#
#.# .###.


You could see Grinder.

Vanquished Creatures
  An ice beast (D:5)
  A centaur (D:5)
  Terence (D:2)
  2 iguanas
  6 adders
  2 white imps
  2 ufetubi (D:5)
  A dart slug (D:3)
  6 orcs
  5 bats
  6 endoplasms
  5 giant cockroaches
  12 goblins
  5 hobgoblins
  3 jackals (D:2)
  3 quokkas
  11 ball pythons
  3 frilled lizards
  9 kobolds
  7 rats
91 creatures vanquished.

Notes
Turn   | Place    | Note
-------+----------+-------------------------------------------
     0 | D:1      | DocClef the Troll Shapeshifter began the quest for the Orb.
     0 | D:1      | Reached XP level 1. HP: 18/18 MP: 0/0
    95 | D:1      | Reached skill level 1 in Fighting
   125 | D:1      | Reached XP level 2. HP: 27/27 MP: 1/1
   354 | D:1      | Found a faded altar of an unknown god.
  1074 | D:2      | Reached XP level 3. HP: 32/33 MP: 2/2
  1123 | D:2      | Found an ancient bone altar of Kikubaaqudgha.
  1224 | D:2      | Noticed Terence
  1230 | D:2      | Killed Terence
  1339 | D:2      | Reached XP level 4. HP: 41/41 MP: 3/3
  2111 | D:3      | Found Eryili's Antique Armour Emporium.
  2205 | D:3      | Reached XP level 5. HP: 49/49 MP: 4/4
  2388 | D:4      | Found an ornate altar of the Wu Jian Council.
  2604 | D:4      | Found Uthasyo's Armour Boutique.
  2805 | D:5      | Identified the of Fyzuhit
  2805 | D:5      | Entered Level 5 of the Dungeon
  2805 | D:5      | Noticed an ice beast
  2812 | D:5      | Killed an ice beast
  2813 | D:5      | Reached XP level 6. HP: 29/59 MP: 5/5
  2912 | D:5      | Noticed Grinder
  2926 | D:5      | Slain by Grinder

Illustrated notes

Levels and vault maps discovered:
D:1:      lemuel_arrival_lava_pool, layout_loops_corners,
          nicolae_ecumenical_lake_church
D:2:      layout_basic, basic_altar, minmay_stone_trees_medium, uniq_terence
D:3:      kennysheep_the_goblin_king, layout_basic, serial_shops, shop
D:4:      layout_cave_pools, nzn_wu_jian_contemplation, serial_shops,
          kennysheep_little_box
D:5:      layout_layer_cave, minmay_temple_entry_slanted, uniq_grinder

Skill      XL: |  1  2  3  4  5  6 |
---------------+-------------------+-----
Fighting       | 1 2 |  2.8
Dodging        | 2 3 |  3.2
Unarmed Combat | 4 |  4.5
Shapeshifting  | 4 |  4.3

Action                     |  1- 3 |  4- 6 || total
---------------------------+-------+-------++-------
  Melee: Unarmed           |    67 |   155 ||   222
         Punch             |     3 |     3 ||     6
    Use: Scroll            |       |     2 ||     2
   Stab: Sleeping          |     2 |     1 ||     3
 Armour: Animal skin       |    26 |   123 ||   149
  Dodge: Dodged            |    30 |    88 ||   118

Table legend: (Time is in decaauts)
 A = Elapsed time spent in this place.
 B = Non-inter-level travel time spent in this place.
 C = Inter-level travel time spent in this place.
 D = Time resting spent in this place.
 E = Time spent auto-exploring this place.
 F = Levels seen in this place.
 G = Mean time per level.
                   A        B        C        D        E       F      G
               +--------+--------+--------+--------+--------+-----+--------+
         Total |   2910 |   2831 |     79 |     50 |   2261 |   5 |  582.0 |
       Dungeon |   2910 |   2831 |     79 |     50 |   2261 |   5 |  582.0 |
               +--------+--------+--------+--------+--------+-----+--------+

Top non-repeatable levels by time:
     D:1: 1011 daAuts
     D:3: 754 daAuts
     D:2: 574 daAuts
     D:4: 451 daAuts
     D:5: 118 daAuts
